Map: Newkirk Precinct TE (Void)

Players

RiSky

  • Race: Zerg Zerg
  • Spawn Location: 5:00

losira - Winner!

  • Race: Zerg Zerg
  • Spawn Location: 7:00

Event: IEM XI Katowice - World Championship 2017

VOD

Have the link to the VOD?

Description

Time

  • Played on: Feb. 28, 2017, 5:50 a.m.
  • Length: 6:58

All games in this series

Show
View Real Time Build Order
Export as new Build Order

RiSky Zerg 

Build Orders: Hatch First 

Get SALT Encoding   

  12  0:00  Drone  
  13  0:13  Overlord  
  13  0:17  Drone  
  14  0:31  Drone x2  
  14  0:34  Drone  
  17  0:52  Hatchery  
  17  0:55  Drone  
  17  0:59  Drone  
  18  1:09  Extractor  
  17  1:13  Spawning Pool  
  17  1:16  Drone  
  17  1:20  Drone  
  18  1:28  Drone  
  19  1:38  Overlord  
  19  1:49  Drone  
  20  1:59  Queen  
  20  2:01  Drone  
  23  2:03  Queen  
  23  2:04  Drone  
  26  2:09  Metabolic Boost  
  26  2:11  Drone  
  26  2:14  Drone  
  28  2:22  Drone  
  29  2:25  Drone  
  30  2:33  Drone  
  31  2:39  Hatchery  
  31  2:41  Zergling x2  
  31  2:44  Zergling x2  
  32  2:49  Baneling Nest  
  31  2:53  Overlord  
  31  2:55  Zergling x2  
  31  2:57  Drone  
  33  3:08  Drone  
  34  3:13  Queen  
  34  3:16  Zergling x8  
  41  3:20  Zergling x2  
  41  3:26  Zergling x6  
  44  3:33  Zergling x2  
  44  3:35  Baneling x2  
  44  3:43  Overlord  
  44  3:48  Overlord  
  43  3:50  Queen  
  43  3:52  Baneling x3  
  45  3:58  Zergling x8  
  49  4:05  Drone  
  49  4:06  Drone  
  49  4:07  Drone x2  
  49  4:08  Drone  
  49  4:09  Drone  
  55  4:17  Drone  
  56  4:20  Drone x2  
  56  4:24  Drone  
  58  4:25  Drone  
  58  4:29  Lair  
  58  4:31  Drone  
  58  4:32  Extractor  
  58  4:33  Evolution Chamber  
  58  4:35  Drone x2  
  58  4:36  Drone  
  59  4:39  Drone  
  60  4:49  Drone x2  
  60  4:50  Drone x2  
  64  4:52  Extractor  
  64  4:58  Drone  
  64  5:01  Drone x2  
  64  5:03  Zerg Missile Weapons Level 1  
  64  5:05  Overlord  
  64  5:06  Roach Warren  
  65  5:07  Overlord  
  65  5:12  Overlord  
  65  5:20  Drone  
  66  5:25  Drone  
  66  5:31  Overlord  
  66  5:32  Overlord  
  66  5:47  Roach x8  
  82  5:52  Roach  
  82  5:56  Drone  
  82  5:57  Drone x4  
  86  5:58  Overlord  
  86  5:59  Drone  
  86  6:02  Extractor  
  86  6:03  Drone  
  89  6:05  Roach x2  
  89  6:09  Hatchery, Roach x2  
  96  6:14  Roach x2  
  102  6:18  Roach x2  
  102  6:25  Roach x3  
  106  6:29  Roach x2  
  106  6:32  Roach  
Show
View Real Time Build Order
Export as new Build Order

losira Zerg - Winner!

Build Orders: Hatch First 

Get SALT Encoding   

  12  0:00  Drone  
  13  0:08  Drone  
  14  0:15  Extractor, Drone  
  15  0:22  Overlord  
  15  0:44  Hatchery  
  15  0:49  Drone  
  15  0:53  Drone  
  16  0:57  Drone  
  17  1:04  Drone  
  17  1:05  Extractor  
  17  1:16  Spawning Pool  
  16  1:20  Drone  
  16  1:23  Drone  
  18  1:33  Drone  
  19  1:45  Drone  
  20  1:56  Drone x2  
  22  2:04  Queen x2  
  22  2:05  Metabolic Boost  
  26  2:08  Zergling x2  
  26  2:14  Zergling x2  
  28  2:17  Overlord  
  28  2:26  Baneling Nest  
  28  2:29  Drone  
  28  2:33  Overlord  
  28  2:37  Zergling x2  
  28  2:38  Zergling x2  
  28  2:40  Zergling x2  
  31  2:47  Zergling x2  
  32  2:52  Zergling x2  
  34  2:58  Zergling x2  
  34  3:01  Zergling x2  
  35  3:09  Baneling x2  
  35  3:15  Drone x7  
  35  3:17  Drone  
  42  3:24  Drone  
  43  3:29  Overlord  
  43  3:31  Baneling x2  
  43  3:38  Drone  
  43  3:40  Overlord  
  44  3:43  Lair  
  44  3:49  Drone  
  44  3:50  Drone x2  
  44  3:51  Drone  
  44  3:53  Drone  
  44  3:54  Drone  
  50  3:56  Drone  
  50  4:02  Evolution Chamber  
  49  4:06  Roach Warren  
  49  4:09  Baneling, Drone  
  49  4:11  Extractor x2  
  49  4:13  Zergling x2, Drone  
  49  4:16  Drone  
  50  4:18  Drone  
  50  4:20  Drone  
  50  4:23  Drone  
  53  4:24  Overlord  
  53  4:29  Zerg Missile Weapons Level 1  
  53  4:30  Drone  
  53  4:31  Drone  
  54  4:35  Overlord  
  54  4:43  Overlord  
  54  4:47  Glial Reconstitution  
  54  4:54  Roach  
  54  4:56  Roach  
  54  4:59  Roach  
  59  5:02  Hatchery, Roach  
  59  5:05  Roach  
  59  5:06  Overlord  
  62  5:10  Roach  
  64  5:14  Roach  
  64  5:15  Roach  
  64  5:16  Roach  
  64  5:20  Roach  
  71  5:21  Overlord  
  71  5:24  Roach  
  71  5:26  Roach  
  75  5:29  Roach  
  75  5:31  Roach  
  75  5:34  Roach  
  81  5:39  Roach  
  81  5:40  Roach  
  85  5:44  Roach  
  85  5:46  Overlord  
  85  5:48  Roach  
  89  5:54  Roach x2  
  89  5:56  Roach  
  94  6:00  Roach  
  94  6:02  Roach  
  98  6:04  Drone x2  
  98  6:07  Drone  
  98  6:10  Drone  
  102  6:15  Drone  
  102  6:16  Queen, Drone  
  106  6:20  Drone  
  106  6:24  Drone  
  108  6:25  Drone  
  108  6:26  Overlord  
  108  6:29  Roach x2  
  108  6:30  Overlord  
  107  6:38  Roach x2  

Tags
 
Add a new tag
Caveats
  • Supply blocks, unpowered buildings, or Contaminate may cause inaccurate times.
  • Supply counts are checked every 10 seconds.